Map: New Repugnancy LE

Players

Rote

  • Race: Terran Terran
  • League: Master
  • Spawn Location: 1:00

Lowko - Winner!

  • Race: Zerg Zerg
  • League: Master
  • Spawn Location: 7:00

VOD

Have the link to the VOD?

Description

Time

  • Played on: March 18, 2019, 12:45 p.m.
  • Length: 6:39
Show
View Real Time Build Order
Export as new Build Order

Rote Terran 

Build Orders: Gas First Reaper Expand, Liberator Opening 

Get SALT Encoding   

  12  0:00  SCV  
  13  0:13  SCV  
  14  0:17  Supply Depot  
  14  0:25  SCV  
  15  0:31  Refinery  
  15  0:39  SCV  
  16  0:44  Barracks  
  16  0:51  SCV  
  17  1:03  SCV  
  18  1:15  SCV  
  19  1:32  Reaper, Orbital Command  
  20  1:46  Command Center  
  20  1:58  SCV  
  21  2:04  Refinery  
  21  2:08  Factory  
  21  2:09  Barracks Reactor  
  21  2:13  SCV  
  22  2:20  Supply Depot  
  22  2:25  SCV  
  23  2:41  SCV  
  24  2:53  SCV  
  24  2:55  Starport  
  25  2:59  Orbital Command  
  25  3:04  Hellion x2  
  29  3:09  SCV  
  30  3:21  SCV  
  30  3:25  Hellion x2  
  30  3:26  SCV  
  36  3:28  Supply Depot  
  36  3:32  Viking  
  36  3:33  Barracks Tech Lab  
  37  3:35  SCV  
  37  3:40  SCV  
  39  3:49  Hellion x2  
  39  3:51  SCV, Supply Depot  
  39  3:52  SCV  
  45  3:56  Liberator  
  45  4:02  Stimpack  
  45  4:13  Hellion x2  
  45  4:14  Marine  
  53  4:20  SCV  
  53  4:21  SCV  
  55  4:33  SCV x2, Command Center  
  57  4:46  SCV x2  
  59  4:52  Factory Tech Lab  
  59  4:54  Supply Depot  
  59  4:58  SCV, Supply Depot  
  60  5:04  SCV, Starport Reactor  
  61  5:10  Barracks, SCV  
  61  5:12  Barracks  
  60  5:16  SCV  
  60  5:19  Engineering Bay  
  60  5:20  Siege Tank, Engineering Bay  
  64  5:22  Bunker  
  64  5:35  SCV x2  
  66  5:36  Refinery  
  66  5:37  Refinery, Marine  
  66  5:52  Siege Tank  
  69  6:05  Supply Depot  
  69  6:06  Supply Depot  
  69  6:07  Supply Depot  
  69  6:09  Marine x2, Medivac  
Show
View Real Time Build Order
Export as new Build Order

Lowko Zerg - Winner!

Build Orders: Hatch First 

Get SALT Encoding   

  12  0:01  Drone  
  13  0:12  Overlord  
  13  0:16  Drone  
  14  0:30  Drone x2  
  16  0:50  Hatchery  
  16  0:54  Drone  
  16  0:56  Drone  
  17  0:59  Drone  
  18  1:10  Extractor  
  17  1:15  Spawning Pool  
  17  1:18  Drone  
  17  1:21  Drone  
  18  1:27  Drone  
  19  1:39  Drone  
  20  1:49  Drone  
  21  2:03  Queen x2  
  21  2:04  Zergling x2  
  21  2:05  Zergling x2  
  27  2:18  Hatchery  
  26  2:24  Zergling x2  
  26  2:27  Metabolic Boost  
  27  2:30  Drone  
  27  2:35  Overlord  
  28  2:55  Overlord  
  28  2:56  Drone x5  
  35  3:12  Drone x2  
  35  3:13  Overlord, Drone  
  35  3:15  Drone  
  35  3:19  Drone  
  38  3:22  Drone  
  39  3:31  Drone x3  
  42  3:40  Drone  
  43  3:43  Drone x2  
  43  3:44  Drone  
  43  3:47  Roach Warren  
  43  3:48  Zergling x6  
  47  3:51  Extractor  
  47  3:53  Queen  
  48  3:57  Zergling x6  
  48  4:00  Zergling x4  
  53  4:07  Overlord  
  51  4:10  Spore Crawler  
  51  4:11  Spore Crawler  
  51  4:15  Overlord  
  51  4:16  Overlord  
  49  4:19  Overlord  
  51  4:27  Roach  
  51  4:28  Roach x2  
  57  4:35  Roach x5  
  57  4:36  Roach  
  69  4:39  Roach  
  69  4:44  Roach  
  73  4:49  Roach x3  
  79  5:00  Overlord  
  79  5:02  Zergling x6  
  79  5:04  Spore Crawler  
  79  5:05  Spore Crawler  
  80  5:13  Ravager  
  82  5:14  Ravager  
  82  5:20  Zergling x8  
  82  5:21  Zergling x8  
  90  5:23  Overlord  
  90  5:26  Spore Crawler  
  89  5:29  Ravager  
  89  5:31  Overlord  
  89  5:34  Overlord  
  89  5:53  Ravager  
  89  5:54  Ravager  
  87  6:08  Zergling x30  
  87  6:11  Ravager  
Tags
 
Add a new tag
Caveats
  • Supply blocks, unpowered buildings, or Contaminate may cause inaccurate times.
  • Supply counts are checked every 10 seconds.